 Dungeon Sprint DCSS version 0.30.1-1-g62c8e00024 (webtiles) character file.

Game seed: 9607419094531761094

269 boopmooplesden the Fighter (level 6, -5/57 HPs)
             Began as a Demonspawn Berserker on July 15, 2023.
             Was a Follower of Trog.
             Slain by a neqoxec (11 damage)
             ... in the Dungeon (Sprint II: "The Violet Keep of Menkaure").
             The game lasted 00:00:23 (29 turns).

boopmooplesden the Fighter (Demonspawn Berserker)     Turns: 29, Time: 00:00:24

Health: -5/57      AC:  3    Str: 19    XL:     6   Next: 1%
Magic:  6/6        EV: 13    Int:  8    God:    Trog [*.....]
Gold:   0          SH:  0    Dex: 13    Spells: 5/5 levels left

rFire   . . .        a - +0 hand axe
rCold   . . .        (no shield)
rNeg    . . .        b - +0 animal skin
rPois   .            (no helmet)
rElec   .            (no cloak)
rCorr   .            (no gloves)
SInv    .            (no boots)
Will    .....        (no amulet)
Stlth   +            (no ring)
HPRegen 0.29/turn    (no ring)
MPRegen 0.10/turn

%: no teleportation
@: on berserk cooldown, slowed, unable to read, unable to drink, very slow
A: rugged brown scales 1, foul stench 1, inability to drink after injury 2,
inability to read after injury 1
a: Renounce Religion, Berserk


You were in the Dungeon.
You worshipped Trog.
Trog was aware of your devotion.
You visited 1 branch

Inventory:

Hand Weapons
 a - a +0 hand axe (weapon)
Armour
 b - a +0 animal skin (worn)
Scrolls
 h - a scroll of blinking
Potions
 c - a potion of curing
 d - a potion of heal wounds
 e - a potion of haste
 f - 2 potions of magic
 g - a potion of berserk rage


   Skills:
 + Level 8.2 Fighting
 + Level 8.0 Axes
 + Level 3.8 Armour
 + Level 4.0 Dodging


You had 5 spell levels left.
You didn't know any spells.
Your spell library was empty.

Dungeon Overview and Level Annotations

Branches:
Dungeon (1/1)

Altars:


Innate Abilities, Weirdness & Mutations

You are partially covered in rugged brown scales. (AC +1, +3% HP)
You may rarely emit foul miasma when damaged in melee.
You sometimes lose the ability to drink potions when taking damage.
You occasionally lose the ability to read scrolls when taking damage.


Message History

You are exhausted.
You feel yourself slow down. The neqoxec gestures at you.
Something tries to feed on your intellect!
You miss the neqoxec.
The neqoxec is almost dead.
The neqoxec hits you.
You feel threatened and lose the ability to drink potions!
* * * LOW HITPOINT WARNING * * *
The neqoxec gestures at you.
Something tries to feed on your intellect!
You cannot drink potions in your current state!
You barely miss the neqoxec.
The neqoxec is almost dead.
You can drink potions again.
The neqoxec hits you.
* * * LOW HITPOINT WARNING * * *
The neqoxec gestures at you.
Something tries to feed on your intellect!
The neqoxec closely misses you.
Okay, then.
You hit the neqoxec.
The neqoxec is almost dead.
The neqoxec closely misses you. The neqoxec gestures at you.
Something tries to feed on your intellect!
You barely miss the neqoxec.
The neqoxec is almost dead.
The neqoxec hits you but does no damage.
You closely miss the neqoxec.
The neqoxec is almost dead.
The neqoxec closely misses you. The neqoxec gestures at you.
Something tries to feed on your intellect!
You closely miss the neqoxec.
The neqoxec is almost dead.
The neqoxec hits you!
You feel threatened and lose the ability to read scrolls!
You feel threatened and lose the ability to drink potions!
You die...

# #+# .#
##.##..#
+.<@33#
##.##.#
#+# .# #


You could see 2 neqoxecs.

Vanquished Creatures
  2 neqoxecs (D)
2 creatures vanquished.

Notes
Turn   | Place    | Note
-------+----------+-------------------------------------------
     0 | D        | boopmooplesden the Demonspawn Berserker began the quest for
                  | the Orb.
     0 | D        | Reached XP level 1. HP: 18/18 MP: 1/1
     1 | D        | Noticed a neqoxec
     1 | D        | Noticed a neqoxec
     1 | D        | Noticed a neqoxec
     1 | D        | Noticed a neqoxec
     1 | D        | Gained mutation: You occasionally lose the ability to drink
                  | potions when taking damage. [a neqoxec]
     4 | D        | Gained mutation: You occasionally lose the ability to read
                  | scrolls when taking damage. [a neqoxec]
     9 | D        | Killed a neqoxec
     9 | D        | Gained mutation: You sometimes lose the ability to drink
                  | potions when taking damage. [a neqoxec]
    10 | D        | Gained mutation: You may rarely emit foul miasma when
                  | damaged in melee. [demonic ancestry]
    10 | D        | Reached XP level 2. HP: 8/29 MP: 2/2
    10 | D        | Reached XP level 3. HP: 10/35 MP: 3/3
    10 | D        | Reached XP level 4. HP: 11/41 MP: 4/4
    13 | D        | Killed a neqoxec
    14 | D        | Gained mutation: You are partially covered in rugged brown
                  | scales. (AC +1, +3% HP) [demonic ancestry]
    14 | D        | Reached XP level 5. HP: 13/50 MP: 5/5
    14 | D        | Reached XP level 6. HP: 15/57 MP: 6/6
    29 | D        | Slain by a neqoxec

Illustrated notes

Levels and vault maps discovered:
D:        the_violet_keep_of_menkaure [sprint2_stairs_cluster_1,
          sprint2_shoproom, sprint2_temple, sprint2_basic_supplies,
          sprint2_obstacle_2, sprint2_obstacle_4, sprint2_obstacle_1,
          sprint2_obstacle_6, sprint2_obstacle_3, sprint2_timed_cluster_1,
          sprint2_smallroom_cluster_1, sprint2_smallroom_final_cluster_1,
          sprint2_transparent_cluster_1, sprint2_second_timed_cluster_1,
          sprint2_sniper_area_1, sprint2_heavy_combat_area_1,
          sprint2_mutation_trap_area_1, sprint2_forest_area_1,
          sprint2_light_combat_area_1, sprint2_behind_water_1,
          sprint2_near_end_vault_1]

Skill      XL: |  1  2  3  4 |
---------------+-------------+-----
Fighting       | 6 8 |  8.2
Axes           | 6 8 |  8.0
Armour         | 3 |  3.8
Dodging        | 3 4 |  4.0

Action                     |  1- 3 |  4- 6 || total
---------------------------+-------+-------++-------
  Melee: Hand axe          |     7 |    20 ||    27
 Invoke: Berserk           |     1 |       ||     1
 Armour: Animal skin       |       |     3 ||     3
  Dodge: Dodged            |     2 |     6 ||     8
